 Dungeon Crawl Stone Soup version 0.27-a0-457-gba82baf56e (webtiles) character file.

Game seed: 12536392654598207027

68 Chiseanne the Skirmisher (level 4, 37/37 HPs)
             Began as a Demonspawn Wanderer on Feb 28, 2021.
             Quit the game on level 2 of the Dungeon.
             The game lasted 00:01:32 (1495 turns).

Chiseanne the Skirmisher (Demonspawn Wanderer)      Turns: 1495, Time: 00:01:33

Health: 37/37      AC: 10    Str: 16    XL:     4   Next: 1%
Magic:  4/4        EV:  5    Int: 11    God:
Gold:   74         SH:  0    Dex: 12    Spells: 3/3 levels left

rFire    . . .     SeeInvis .   a - +2 short sword
rCold    . . .     Faith    .   (no shield)
rNeg     . . .     Spirit   .   o - +0 plate armour
rPois    .         Reflect  .   (no helmet)
rElec    .         Harm     .   (no cloak)
rCorr    .         Rampage  .   (no gloves)
Will     .....                  (no boots)
Stlth    ..........             (no amulet)
HPRegen  0.12/turn              (no ring)
MPRegen  0.09/turn              (no ring)

@: no status effects
A: talons 1, foul stench 1
a: no special abilities


You were on level 2 of the Dungeon.
You visited 1 branch of the dungeon, and saw 2 of its levels.

You collected 74 gold pieces.

Inventory:

Hand Weapons
 a - a +2 short sword (weapon)
 b - a +0 spear
 e - a +0 dagger
Missiles
 d - 29 sling bullets
 f - 8 boomerangs
 g - 42 arrows
 i - 15 stones
 k - 52 bolts
Armour
 o - a +0 plate armour (worn)
Jewellery
 h - a ring of magical power
Wands
 c - a wand of random effects (15) (quivered)
 p - a wand of paralysis (4)
Scrolls
 j - a scroll of teleportation {unknown}
 l - a scroll of immolation {unknown}
 m - 6 scrolls of identify {unknown}
 q - a scroll of magic mapping {unknown}
Potions
 n - 3 potions of might {unknown}


   Skills:
 * Level 3.9 Fighting
 - Level 1.7 Short Blades
 * Level 1.4 Armour
 * Level 2.0 Dodging
 - Level 2.6 Stealth
 - Level 1.0 Evocations


You had 3 spell levels left.
You didn't know any spells.
Your spell library contained the following spells:

 Spells                   Type           Power        Failure   Level
 Magic Dart               Conj           0%           100%        1
 Blink                    Tloc           N/A          100%        2
 Call Imp                 Summ           0%           100%        2
 Slow                     Hex            0%           100%        2
 Conjure Flame            Conj/Fire      0%           100%        3
 Mephitic Cloud           Conj/Pois/Air  0%           100%        3


Dungeon Overview and Level Annotations

Branches:
Dungeon (2/15)

Altars:


Innate Abilities, Weirdness & Mutations

You have sharp toenails.
You may rarely emit foul miasma when damaged in melee.


Message History

No target in view!
No target in view!
No target in view!
No target in view!
No target in view!
No target in view!
No target in view!
No target in view!
No target in view!
No target in view!
No target in view!
No target in view!
No target in view!
No target in view!
No target in view!
You see here a leopard gecko corpse.
You open the door.
There is an open door here.
Found a mace.
There is an escape hatch in the floor here.
A goblin comes into view. It is wielding a +0 club.
The goblin shouts!
Found a scroll labelled MEDWEGHOIL.
You see here a +0 mace.
The goblin closely misses you.
You hit the goblin.
The goblin is severely wounded.
The goblin hits you but does no damage.
You miss the goblin.
The goblin is severely wounded.
The goblin hits you but does no damage.
You barely miss the goblin.
The goblin is severely wounded.
The goblin hits you but does no damage.
You hit the goblin.
You kill the goblin!
You have reached level 4!
You feel clever.
Your demonic ancestry asserts itself...
Your toenails lengthen and sharpen.
Are you sure you want to abandon this character and quit the game? (Confirm with "yes".)

..######......######
........†............
........##...########
#.......##...'....... #.
#.......##...######.....
........##...# ....
........##...######.....
........##..>...........
........##.....)@)...?.#
........##.............#
........##.............#
#.......#####.(........#
######### #..........#
############


There were no monsters in sight!

Vanquished Creatures
  2 adders (D:2)
  An ooze (D:1)
  2 dart slugs
  4 leopard geckos
  3 giant cockroaches
  4 goblins
  5 hobgoblins
  3 kobolds
  5 bats
  3 frilled lizards
  6 rats (D:1)
38 creatures vanquished.

Notes
Turn   | Place    | Note
-------+----------+-------------------------------------------
     0 | D:1      | Chiseanne the Demonspawn Wanderer began the quest for the
                  | Orb.
     0 | D:1      | Chiseanne set off with the following items: a +2 short
                  | sword, a +0 spear, a wand of random effects (15), a +0
                  | robe, a +0 dagger
     0 | D:1      | Reached XP level 1. HP: 18/18 MP: 1/1
   310 | D:1      | Reached skill level 1 in Dodging
   310 | D:1      | Gained mutation: You may rarely emit foul miasma when
                  | damaged in melee. [demonic ancestry]
   310 | D:1      | Reached XP level 2. HP: 23/24 MP: 2/2
   659 | D:1      | Reached XP level 3. HP: 13/29 MP: 3/3
  1407 | D:2      | Found a faded altar of an unknown god.
  1495 | D:2      | Gained mutation: You have sharp toenails. [demonic
                  | ancestry]
  1495 | D:2      | Reached XP level 4. HP: 37/37 MP: 4/4
  1495 | D:2      | Quit the game

Illustrated notes

Levels and vault maps discovered:
D:1:      lightli_iron_boxes, layout_basic, minmay_distorted
D:2:      layout_basic, chequers_ecumenical_altar_simple, minmay_crystal_room

Skill      XL: |  1  2  3 |
---------------+----------+-----
Dodging        | 1 2 |  2.0
Fighting       | |  3.9
Short Blades   | |  1.7
Armour         | |  1.4
Stealth        | |  2.6
Evocations     | |  1.0

Action                   |  1- 3 |  4- 6 || total
-------------------------+-------+-------++-------
Melee: Short sword       |   114 |       ||   114
 Stab: Sleeping          |     1 |       ||     1
Armor: Robe              |    13 |       ||    13
       Plate armour      |    27 |       ||    27
Dodge: Dodged            |    62 |       ||    62

Table legend: (Time is in decaauts)
 A = Elapsed time spent in this place.
 B = Non-inter-level travel time spent in this place.
 C = Inter-level travel time spent in this place.
 D = Time resting spent in this place.
 E = Time spent auto-exploring this place.
 F = Levels seen in this place.
 G = Mean time per level.
                   A        B        C        D        E       F      G
               +--------+--------+--------+--------+--------+-----+--------+
         Total |   1496 |   1466 |     30 |    483 |    745 |   2 |  748.0 |
       Dungeon |   1496 |   1466 |     30 |    483 |    745 |   2 |  748.0 |
               +--------+--------+--------+--------+--------+-----+--------+

Top non-repeatable levels by time:
     D:1: 1263 daAuts
     D:2: 232 daAuts
